 Dungeon Crawl Stone Soup version 0.29.1-2-gbd0b4ee654 (webtiles) character file.

Game seed: 14340021353922455371

75 Descartes the Chucker (level 4, 0/22 HPs)
             Began as a Spriggan Wanderer on Oct 23, 2022.
             Slain by a worm (11 damage)
             ... on level 3 of the Dungeon.
             The game lasted 00:03:39 (2795 turns).

Descartes the Chucker (Spriggan Wanderer)           Turns: 2795, Time: 00:03:40

Health: 0/22       AC:  2    Str:  8      XL:     4   Next: 11%
Magic:  5/5        EV: 18    Int: 11 (12) God:
Gold:   77         SH:  0    Dex: 17      Spells: 3/3 levels left

rFire   . . .      SeeInvis +   a - +2 dagger
rCold   . . .      Faith    .   (no shield)
rNeg    . . .      Spirit   .   d - +0 robe
rPois   .          Reflect  .   (helmet restricted)
rElec   .          Harm     .   (no cloak)
rCorr   .          Rampage  .   (gloves unavailable)
Will    .....                   (boots unavailable)
Stlth   ++........              (no amulet)
HPRegen 0.07/turn               (no ring)
MPRegen 0.09/turn               (no ring)

@: no status effects
A: very small, no large weapons, unfitting armour, see invisible, speed 3
a: no special abilities


You were on level 3 of the Dungeon.
You visited 1 branch of the dungeon, and saw 3 of its levels.

You collected 77 gold pieces.

Inventory:

Hand Weapons
 a - a +2 dagger (weapon)
 c - a +0 falchion
Missiles
 b - 4 curare-tipped darts (quivered)
Armour
 d - a +0 robe (worn)
 f - a +0 buckler
Scrolls
 e - a scroll of blinking
 j - 4 scrolls of identify {unknown}
 k - a scroll of torment {unknown}
 n - a scroll of teleportation {unknown}
Potions
 g - a potion of haste {unknown}
 h - a potion of lignification {unknown}
 i - a potion of heal wounds {unknown}
 l - a potion of magic {unknown}
 m - a potion of might {unknown}
 o - a potion of brilliance {unknown}
 p - a potion of curing {unknown}


   Skills:
 - Level 1.5 Fighting
 + Level 1.8(2.0) Short Blades
 - Level 1.0(1.3) Long Blades
 - Level 4.0 Throwing
 + Level 3.8 Dodging
 + Level 2.6 Stealth
 + Level 1.2 Shields
 + Level 0.0 Spellcasting
 - Level 1.0 Invocations


You had 3 spell levels left.
You didn't know any spells.
Your spell library contained the following spells:

 Spells                   Type           Power      Damage    Failure   Level
 Ensorcelled Hibernation  Hex/Ice        0%         N/A       47%         2
 Passwall                 Tmut/Erth      0%         N/A       47%         2
 Swiftness                Air            0%         N/A       71%         3


Dungeon Overview and Level Annotations

Branches:
Dungeon (3/15)

Altars:
Cheibriados
Qazlal

Shops:
D:1 =


Innate Abilities, Weirdness & Mutations

You are very small and have problems with some larger weapons.
You are too small for most types of armour.
You have supernaturally acute eyesight. (SInv)
You cover ground extremely quickly. (Speed+++)


Message History

No target in view!
No target in view!
No target in view!
No target in view!
No target in view!
No target in view!
No target in view!
No target in view!
No target in view!
No target in view!
HP restored.
You now have 68 gold pieces (gained 9).
You now have 77 gold pieces (gained 9).
You see here a frilled lizard corpse.
A worm and a gnoll come into view.
A hobgoblin and a gnoll come into view.
A gnoll comes into view. It is wielding a +0 halberd.
The hobgoblin shouts!
The gnoll shouts!
A gnoll comes into view. It is wielding a +0 flail.
The gnoll closely misses you.
The gnoll shouts!
You hit the gnoll.
The gnoll is lightly wounded.
The gnoll hits you with a +0 spear.
You hit the gnoll.
The gnoll is moderately wounded.
The gnoll misses you.
You hit the gnoll.
The gnoll is heavily wounded.
The worm barely misses you. The gnoll closely misses you.
You hit the gnoll.
The gnoll is severely wounded.
You closely miss the gnoll.
The gnoll is severely wounded.
The gnoll hits you from afar with a +0 halberd!
Ouch! That really hurt!
The gnoll completely misses you. The gnoll closely misses you.
The hobgoblin barely misses you. The worm bites you!
Ouch! That really hurt!
You die...

..........# ##.##
#####
....#.###.###...##....
#.###.# #.##.........
#.# #.###.###....#.#
#.# #..............#
#.# #####.####.#.###
#.#######.# #.#.#
#.........#
##+#.##.#.#
..†########
#..g@g....# .#.....#
#...wg##.### ...#.#.#
#....gg. #
.......###.........
.........+..........
..#....###..........#
..##.#.# ##.......#..
..####.# ##.....####.
.......#


You could see a worm, 4 gnolls and a hobgoblin.

Vanquished Creatures
  2 adders (D:2)
  4 ball pythons
  7 endoplasms
  6 giant cockroaches
  9 goblins
  2 hobgoblins (D:2)
  4 jackals (D:2)
  2 kobolds
  3 quokkas (D:2)
  4 bats (D:1)
  4 frilled lizards
  2 rats (D:2)
49 creatures vanquished.

Notes
Turn   | Place    | Note
-------+----------+-------------------------------------------
     0 | D:1      | Descartes the Spriggan Wanderer began the quest for the
                  | Orb.
     0 | D:1      | Descartes set off with the following items: a +2 dagger, 4
                  | curare-tipped darts, a +0 falchion, a +0 robe, a scroll of
                  | blinking.
     0 | D:1      | Reached XP level 1. HP: 10/10 MP: 2/2
   471 | D:1      | Reached skill level 1 in Stealth
   496 | D:1      | Reached XP level 2. HP: 6/14 MP: 3/3
   790 | D:1      | Found a faded altar of an unknown god.
   806 | D:1      | Prayed at the altar of an unknown god.
   806 | D:1      | Became a worshipper of Cheibriados the Contemplative
   806 | D:1      | Reached * piety under Cheibriados
   995 | D:1      | Found Ryruucru's Jewellery Shop.
  1001 | D:1      | Reached skill level 1 in Short Blades
  1385 | D:1      | Reached XP level 3. HP: 18/18 MP: 4/4
  1587 | D:2      | Found a stormy altar of Qazlal.
  1941 | D:2      | Reached skill level 1 in Shields
  2006 | D:2      | Fell from the grace of Cheibriados
  2212 | D:2      | Reached XP level 4. HP: 22/22 MP: 5/5
  2795 | D:3      | Slain by a worm

Illustrated notes

Levels and vault maps discovered:
D:1:      dpeg_cavernosity, layout_loops_ring, ebering_ecumenical_altar_hall,
          serial_shops, shop
D:2:      layout_loops_ring, basic_altar
D:3:      layout_loops_corners, uniq_terence, uniq_grinder, uniq_natasha

Skill      XL: |  1  2  3 |
---------------+----------+-----
Stealth        | 1 2 |  2.6
Dodging        | 3 |  3.8
Short Blades   | 1 |  1.8
Shields        | 1 |  1.2
Fighting       | |  1.5
Long Blades    | |  1.0
Throwing       | |  4.0
Invocations    | |  1.0

Action                   |  1- 3 |  4- 6 || total
-------------------------+-------+-------++-------
Melee: Dagger            |   106 |    16 ||   122
Invok: Renounce Religion |     1 |       ||     1
 Stab: Sleeping          |    16 |       ||    16
Armor: Robe              |     7 |     1 ||     8
Dodge: Dodged            |    68 |    14 ||    82
